 Dungeon Crawl Stone Soup version 0.31-a0-198-g2ad674f65e (webtiles) character file.

Game seed: 18322754721914372404

77 qw the Shooter (level 4, -3/25 HPs)
             Began as a Deep Elf Hunter on June 25, 2023.
             Frozen to death by an endoplasm (4 damage)
             ... on level 3 of the Dungeon.
             The game lasted 00:00:34 (1731 turns).

qw the Shooter (Deep Elf Hunter)                    Turns: 1731, Time: 00:00:34

Health: -3/25      AC:  7    Str: 10    XL:     4   Next: 13%
Magic:  6/6        EV: 14    Int: 14    God:
Gold:   109        SH:  0    Dex: 18    Spells: 3/3 levels left

rFire   . . .        Y - +1 shortbow
rCold   . . .        (shield currently unavailable)
rNeg    . . .        k - +0 scale mail
rPois   .            (no helmet)
rElec   .            (no cloak)
rCorr   .            g - +0 pair of gloves
SInv    .            (no boots)
Will    .....        (no amulet)
Stlth   +            f - +5 ring of evasion
HPRegen 0.24/turn    (no ring)
MPRegen 0.10/turn

%: no passive effects
@: no status effects
A: no striking features
a: no special abilities


You were on level 3 of the Dungeon.
You visited 1 branch of the dungeon, and saw 3 of its levels.

You collected 109 gold pieces.


   Skills:
 - Level 1.5 Fighting
 + Level 7.5 Ranged Weapons
 - Level 2.4 Dodging
 - Level 1.2 Stealth


You had 3 spell levels left.
You didn't know any spells.
Your spell library was empty.

Inventory:

Hand Weapons
 Y - a +1 shortbow (weapon)
Armour
 g - a +0 pair of gloves (worn)
 k - a +0 scale mail (worn)
Jewellery
 f - a +5 ring of evasion (left hand)
Potions
 b - a potion of enlightenment {unknown}
 d - 4 potions of curing
 h - a potion of haste {unknown}
 i - a potion of brilliance {unknown}
 l - a potion of degeneration {unknown}

Dungeon Overview and Level Annotations

Branches:
Dungeon (3/15)

Altars:


Message History

Found a flail.
A gnoll sergeant and 2 gnolls come into view.
The gnoll sergeant shouts!
The gnoll shouts! x2; You hear a shout!
The gnoll moves out of view.
1722 ||| Stepping ~*~*~tactically~*~*~ (outnumbered).
A gnoll sergeant and a gnoll come into view.
The gnoll shouts!
A gnoll comes into view. It is wielding a +0 spear.
1724 ||| Stepping ~*~*~tactically~*~*~ (outnumbered).
You shoot an arrow.
The arrow hits the gnoll sergeant but does no damage.
The gnoll sergeant hits you from afar with a +0 trident.
You shoot an arrow. The arrow hits the gnoll sergeant.
The gnoll sergeant is lightly wounded.
The gnoll sergeant closely misses you.
You shoot an arrow.
The arrow hits the gnoll sergeant but does no damage.
The gnoll sergeant is lightly wounded.
The gnoll sergeant hits you from afar with a +0 trident! x2
1728 ||| READING scroll of teleportation.
As you read the scroll of teleportation, it crumbles to dust.
You feel strangely unstable. The gnoll sergeant closely misses you.
The gnoll closely misses you.
You shoot an arrow. The arrow hits the gnoll!
The gnoll is heavily wounded.
You hear a shout!
The gnoll hits you with a +0 flail. The gnoll sergeant misses you.
You shoot an arrow.
The arrow hits the gnoll but does no damage.
The gnoll is heavily wounded.
The gnoll closely misses you.
The gnoll sergeant hits you from afar with a +0 trident.
You shoot an arrow. The arrow hits the gnoll.
The gnoll is almost dead.
Your surroundings suddenly seem different.
An endoplasm comes into view.
The endoplasm quivers.
The endoplasm freezes you.
You are frozen.
You die...

# #.. #########
#....##........
.......@#
####...J.....#
......##..####
.. #####. #..#
g. . #.# g. ##
.. g# .# g# .#
#### .##


You could see an endoplasm.

Vanquished Creatures
  2 adders (D:2)
  A worm (D:2)
  A dart slug (D:1)
  4 endoplasms
  5 giant cockroaches
  3 goblins
  5 hobgoblins
  8 jackals
  A quokka (D:2)
  4 ball pythons
  2 frilled lizards
  8 kobolds
  5 rats
49 creatures vanquished.

Notes
Turn   | Place    | Note
-------+----------+-------------------------------------------
     0 | D:1      | qw the Deep Elf Hunter began the quest for the Orb.
     0 | D:1      | Reached XP level 1. HP: 12/12 MP: 3/3
     0 | D:1      | 0 ||| qw: Version: 0.3-a-22-g0ed2b0b
     0 | D:1      | 0 ||| qw: Game counter: 5371
     0 | D:1      | 0 ||| qw: Melee chars always use a shield: true
     0 | D:1      | 0 ||| qw: God list: Okawaru
     0 | D:1      | 0 ||| qw: Allow faded altars: false
     0 | D:1      | 0 ||| qw: Do Orc after clearing Dungeon:15 true
     0 | D:1      | 0 ||| qw: Do second Lair branch before Depths: true
     0 | D:1      | 0 ||| qw: Lair rune preference: random
     0 | D:1      | 0 ||| qw: Goals: Normal
     0 | D:1      | 0 ||| PLANNING D:1-11
   249 | D:1      | Reached XP level 2. HP: 16/16 MP: 4/4
   272 | D:1      | Reached skill level 6 in Ranged Weapons
   678 | D:1      | 678 ||| UPGRADING to +0 pair of gloves.
   683 | D:1      | 683 ||| READING scroll labelled ANASCHA QOILULE.
   684 | D:1      | 684 ||| DRINKING 2 yellow potions.
   685 | D:1      | 685 ||| DRINKING 2 orange potions.
   686 | D:1      | 686 ||| DROPPING scroll of butterflies.
   687 | D:1      | 687 ||| DROPPING potion of attraction.
   810 | D:2      | Reached XP level 3. HP: 20/20 MP: 5/5
   820 | D:2      | Reached skill level 7 in Ranged Weapons
   835 | D:2      | Found a faded altar of an unknown god.
  1100 | D:2      | Reached XP level 4. HP: 25/25 MP: 6/6
  1644 | D:2      | 1644 ||| UPGRADING to +0 scale mail.
  1654 | D:2      | 1654 ||| DROPPING +0 leather armour.
  1655 | D:2      | 1655 ||| UPGRADING to +5 ring of evasion.
  1656 | D:2      | 1656 ||| READING 2 scrolls labelled RYQ KYFYIT.
  1661 | D:2      | 1661 ||| READING scroll labelled NUUJUU AMALITS.
  1662 | D:2      | 1662 ||| READING scroll labelled ONWATHR BOEDO.
  1721 | D:3      | Noticed a gnoll sergeant
  1722 | D:3      | 1722 ||| Stepping ~*~*~tactically~*~*~ (outnumbered).
  1724 | D:3      | 1724 ||| Stepping ~*~*~tactically~*~*~ (outnumbered).
  1727 | D:3      | HP: 5/25 [gnoll sergeant/+0 trident (10)]
  1728 | D:3      | 1728 ||| READING scroll of teleportation.
  1730 | D:3      | HP: 1/25 [gnoll sergeant/+0 trident (4)]
  1731 | D:3      | Frozen to death by an endoplasm

Levels and vault maps discovered:
D:1:      dpeg_arrival_chambers_temple_mockup, layout_loops_ring, serial_glass,
          glass_columns_c, glass_columns_b
D:2:      layout_basic, dreamdust_ecumenical_altar_grove, kennysheep_path_1
D:3:      layout_rooms

Skill      XL: |  1  2  3 |
---------------+----------+-----
Ranged Weapons | 6 7 |  7.5
Fighting       | |  1.5
Dodging        | |  2.4
Stealth        | |  1.2

Action                     |  1- 3 |  4- 6 || total
---------------------------+-------+-------++-------
   Fire: Shortbow          |   112 |    21 ||   133
    Use: Potion            |     2 |       ||     2
         Scroll            |     1 |     4 ||     5
 Armour: Leather armour    |    13 |       ||    13
  Dodge: Dodged            |    35 |     5 ||    40

Table legend:
 A = Non-vault XP
 B = Vault XP
 C = Vault XP percentage of total XP
 D = Non-vault monster count
 E = Vault monster count
 F = Vault count percentage of total count
                 A         B        C        D         E       F
            +---------+---------+-------+---------+---------+-------
      Total |     110 |       0 |   0.0 |      49 |       0 |   0.0
            +---------+---------+-------+---------+---------+-------
        D:1 |      36 |       0 |   0.0 |      21 |       0 |   0.0
        D:2 |      74 |       0 |   0.0 |      28 |       0 |   0.0
            +---------+---------+-------+---------+---------+-------
